 Dungeon Crawl Stone Soup version 0.20-a0-303-g575bbf7 (webtiles) character file.

99 Havercy the Poker (level 4, -1/42 HPs)
             Began as a Naga Fighter on Dec 16, 2016.
             Killed from afar by Natasha (9 damage)
             ... with a magic dart
             ... on level 3 of the Dungeon.
             The game lasted 00:01:53 (1780 turns).

Havercy the Poker (Naga Fighter)                    Turns: 1780, Time: 00:01:53

Health: -1/42      AC:  6    Str: 24    XL:     4   Next: 72%
Magic:  4/4        EV:  6    Int:  8    God:
Gold:   147        SH:  9    Dex: 11    Spells: 3/3 levels left

rFire  . . .     SeeInvis +     a - +0 trident
rCold  . . .     Gourm    .     b - +0 scale mail
rNeg   . . .     Faith    .     c - +0 shield
rPois  +         Spirit   .     (no helmet)
rElec  .         Reflect  .     (no cloak)
rCorr  .         Harm     .     p - +0 pair of gloves
MR     .....                    (no barding)
Stlth  ..........               (no amulet)
                                (no ring)
                                (no ring)

@: mighty, slowed, very slow
A: see invisible, deformed body, poison resistance, slowness 2, slow metabolism
1, spit poison 1, AC +1
a: Spit Poison


You were on level 3 of the Dungeon.
You were not hungry.

You visited 1 branch of the dungeon, and saw 3 of its levels.

You collected 147 gold pieces.

Inventory:

Hand Weapons
 a - a +0 trident (weapon)
Armour
 b - a +0 scale mail (worn)
 c - a +0 shield (worn)
 p - a +0 pair of gloves (worn)
Jewellery
 t - an uncursed amulet of guardian spirit {unknown}
 u - an uncursed amulet of the gourmand {unknown}
Scrolls
 e - a scroll of recharging {unknown}
 h - 2 scrolls of magic mapping {unknown}
 j - a scroll of noise {unknown}
 l - a scroll of immolation {unknown}
 n - a scroll of identify {unknown}
 q - a scroll of enchant armour {unknown}
 r - a scroll of remove curse {unknown}
 s - 3 scrolls of random uselessness {unknown}
 w - a scroll of teleportation {unknown}
Potions
 g - 4 potions of heal wounds {unknown}
 k - a potion of beneficial mutation {unknown}
 m - a potion of brilliance {unknown}
 o - a potion of curing {unknown}
 v - a potion of mutation {unknown}
Comestibles
 f - a bread ration
 i - 3 fruits


   Skills:
 + Level 3.2 Fighting
 * Level 3.4 Polearms
 + Level 2.7 Armour
 + Level 0.2 Dodging
 * Level 3.1 Shields


You had 3 spell levels left.
You didn't know any spells.

Dungeon Overview and Level Annotations

Branches:
Dungeon (3/15)

Altars:

Annotations:
D:2 1 runed door
D:3 Natasha


Innate Abilities, Weirdness & Mutations

You cannot wear boots.
Your serpentine skin is tough. (AC +1)
You have supernaturally acute eyesight. (SInv)
Armour fits poorly on your strangely shaped body.
Your system is resistant to poisons. (rPois)
You cover ground very slowly.
You have a slow metabolism.
You can spit poison.


Message History

Unknown command.
You hit Natasha.
Natasha is moderately wounded.
Natasha claws you!
The crimson imp blinks!
Natasha claws you.
You feel very mighty all of a sudden. Natasha barely misses you.
Unknown command.
You completely miss Natasha.
Natasha is moderately wounded.
Natasha claws you.
* * * LOW HITPOINT WARNING * * *
Natasha claws you.
* * * LOW HITPOINT WARNING * * *
You hit Natasha.
Natasha is heavily wounded.
The iron imp disappears in a puff of smoke!
Natasha claws you but does no damage. Natasha casts a spell at you.
The magic dart hits you!
You die...

. .. ...
... ..
#####5####.
#<.@hb.....
######.####


You could see Natasha, a shadow imp and a bat.

Vanquished Creatures
  3 adders
  3 oozes (D:1)
  2 dart slugs (D:1)
  4 leopard geckos (D:1)
  A giant cockroach (D:2)
  5 hobgoblins
  3 jackals (D:1)
  2 quokkas (D:2)
  9 bats
  4 frilled lizards
  8 goblins
  5 kobolds
  5 rats
54 creatures vanquished.

Vanquished Creatures (others)
  A plant (D:1)
1 creature vanquished.

Grand Total: 55 creatures vanquished

Notes
Turn   | Place    | Note
-------+----------+-------------------------------------------
     0 | D:1      | Havercy the Naga Fighter began the quest for the Orb.
     0 | D:1      | Reached XP level 1. HP: 21/21 MP: 1/1
   151 | D:1      | Reached XP level 2. HP: 22/28 MP: 2/2
   252 | D:1      | Reached XP level 3. HP: 27/34 MP: 3/3
   868 | D:2      | Reached XP level 4. HP: 41/42 MP: 4/4
  1477 | D:2      | Found a faded altar of an unknown god.
  1524 | D:2      | Found a runed door.
  1759 | D:3      | Noticed Natasha
  1780 | D:3      | Killed from afar by Natasha

Vault maps used:
D:1:      dpeg_arrival_central, serial_forest, infiniplex_forest_clump_diagonal,
          infiniplex_forest_clump_curved, infiniplex_forest_clump_double,
          infiniplex_forest_lined_3
D:2:      chequers_ecumenical_altar_lobes, uniq_crazy_yiuf_cottage
D:3:      overflow_temple_1_default, uniq_sigmund, uniq_natasha

Skill      XL: |  1  2  3  4 |
---------------+-------------+-----
Polearms       | 3 |  3.4
Shields        | 3 |  3.1
Fighting       | |  3.2
Armour         | |  2.7
Dodging        | |  0.2

Action                   |  1- 3 |  4- 6 || total
-------------------------+-------+-------++-------
Melee: Trident           |   147 |    87 ||   234
 Abil: Spit Poison       |       |     1 ||     1
  Use: Potion            |       |     1 ||     1
  Eat: Chunk             |       |     2 ||     2
Armor: Scale mail        |    56 |    35 ||    91
Dodge: Dodged            |    27 |    19 ||    46
Block: Shield            |    61 |    35 ||    96
